A+ CENTRAL
WISCONSIN TIMBER RATTLERS @ LAKE COUNTY CAPTAINS
08/08/2041
 
TOP OF THE 1ST
Wisconsin Timber Rattlers batting - Pitching for Lake County Captains : RHP Ken Winter
Pitching: RHP Ken Winter
Batting: LHB Pat Hicks 0-0: Ball
1-0: Ground out 4-3 (Groundball, 4, EV 108.1 MPH)
Batting: RHB Joe Chandler 0-0: Ball
1-0: Ground out U3 (Groundball, 13, EV 82.5 MPH)
Batting: RHB Albert Palácios 0-0: Ball
1-0: SINGLE (Line Drive, 89S, EV 103.1 MPH)
Batting: RHB Steve Ervin 0-0: Ball
1-0: Foul Ball, location: 7LSF
1-1: Ball
2-1: Ball
3-1: Base on Balls
Albert Palácios to second
Batting: RHB Dave Smith 0-0: Called Strike
0-1: Ball
1-1: Swinging Strike
1-2: Foul Ball, location: 2RF
1-2: Ball
2-2: Ball
3-2: Strikes out swinging
Top of the 1st over - 0 runs, 1 hit, 0 errors, 2 left on base; Wisconsin 0 - Lake County 0
BOTTOM OF THE 1ST
Lake County Captains batting - Pitching for Wisconsin Timber Rattlers : LHP David Flores
Pitching: LHP David Flores
Batting: SHB Jerry Garcia 0-0: Called Strike
0-1: Ball
1-1: Ball
2-1: Ball
3-1: Called Strike
3-2: Fly out, F9 (Flyball, 9, EV 96.3 MPH)
Batting: RHB Randy Burke 0-0: Ball
1-0: Foul Ball, location: 3F
1-1: Called Strike
1-2: Foul Ball, location: 2F
1-2: Strikes out swinging
Batting: RHB Doug Black 0-0: Called Strike
0-1: Fly out, F7 (Flyball, 7, EV 85.0 MPH)
Bottom of the 1st over - 0 runs, 0 hits, 0 errors, 0 left on base; Wisconsin 0 - Lake County 0
TOP OF THE 2ND
Wisconsin Timber Rattlers batting - Pitching for Lake County Captains : RHP Ken Winter
Batting: RHB Víctor Rodríguez 0-0: Ball
1-0: Ball
2-0: Called Strike
2-1: Swinging Strike
2-2: Ball
3-2: Base on Balls
Batting: RHB Jedd Clayton 0-0: Fly out, F8 (Flyball, 8RS, EV 87.5 MPH)
Batting: RHB Dani Montoya 0-0: Ball
1-0: Ball
2-0: Ball
3-0: Called Strike
3-1: Ground out 5-3 (Groundball, 56, EV 70.0 MPH)
Víctor Rodríguez to second
Batting: RHB António Díaz 0-0: Swinging Strike
0-1: Swinging Strike
0-2: Foul Ball, location: 2F
0-2: Strikes out swinging
Top of the 2nd over - 0 runs, 0 hits, 0 errors, 1 left on base; Wisconsin 0 - Lake County 0
BOTTOM OF THE 2ND
Lake County Captains batting - Pitching for Wisconsin Timber Rattlers : LHP David Flores
Batting: LHB Ignacio Hernández 0-0: Called Strike
0-1: Foul Ball, location: 2F
0-2: Strikes out swinging
Batting: RHB Dan White 0-0: Ball
1-0: Foul Ball, location: 25F
1-1: Called Strike
1-2: Foul Ball, location: 2RF
1-2: Foul Ball, location: 23FF
1-2: SINGLE (Line Drive, 3D, EV 94.4 MPH)
Batting: LHB Tim Elliott 0-0: Foul Ball, location: 2F
0-1: Foul Ball, location: 2F
0-2: Ball
1-2: Foul Ball, location: 2F
1-2: Ball
2-2: Grounds into double play, 6-4-3 (Groundball, 6, EV 105.6 MPH)
Bottom of the 2nd over - 0 runs, 1 hit, 0 errors, 0 left on base; Wisconsin 0 - Lake County 0
TOP OF THE 3RD
Wisconsin Timber Rattlers batting - Pitching for Lake County Captains : RHP Ken Winter
Batting: LHB Pat Hicks 0-0: SOLO HOME RUN (Flyball, 9LD, EV 90.0 MPH), Distance : 350 ft
Batting: RHB Joe Chandler 0-0: Ball
1-0: Ball
2-0: Called Strike
2-1: Ball
3-1: Called Strike
3-2: Ground out 3-1 (Groundball, 13, EV 93.8 MPH)
Batting: RHB Albert Palácios 0-0: Ball
1-0: Ball
2-0: Fly out, F3 (Popup, 3S, EV 85.0 MPH)
Batting: RHB Steve Ervin 0-0: Ball
1-0: Called Strike
1-1: Swinging Strike
1-2: SINGLE (Line Drive, 6M, EV 99.4 MPH)
Batting: RHB Dave Smith 0-0: Fly out, F9 (Flyball, 9, EV 78.1 MPH)
Top of the 3rd over - 1 run, 2 hits, 0 errors, 1 left on base; Wisconsin 1 - Lake County 0
BOTTOM OF THE 3RD
Lake County Captains batting - Pitching for Wisconsin Timber Rattlers : LHP David Flores
Batting: RHB José González 0-0: Called Strike
0-1: Called Strike
0-2: SINGLE (Line Drive, 9S, EV 108.1 MPH)
Batting: RHB Eric Sanford 0-0: Called Strike
0-1: Swinging Strike
0-2: Foul Ball, location: 3FF
0-2: Foul Ball, location: 9LDF
0-2: Strikes out looking
Batting: RHB Lou Armstrong 0-0: Ball
1-0: Ball
José González is caught stealing 2nd base 2-4
2-0: Foul Ball, location: 9LMF
2-1: Ball
3-1: Base on Balls
Batting: SHB Jerry Garcia 0-0: Ball
1-0: Called Strike
1-1: Foul Ball, location: 2F
1-2: Foul Ball, location: 2F
1-2: Foul Ball, location: 2F
1-2: Ball
2-2: Ball
3-2: Base on Balls
Lou Armstrong to second
Batting: RHB Randy Burke 0-0: Fly out, F5 (Popup, 5S, EV 77.5 MPH)
Bottom of the 3rd over - 0 runs, 1 hit, 0 errors, 2 left on base; Wisconsin 1 - Lake County 0
TOP OF THE 4TH
Wisconsin Timber Rattlers batting - Pitching for Lake County Captains : RHP Ken Winter
Batting: RHB Víctor Rodríguez 0-0: Ball
1-0: SINGLE (Groundball, 4D, EV 101.3 MPH) (infield hit)
Batting: RHB Jedd Clayton 0-0: Ball
1-0: Called Strike
1-1: Ball
2-1: Foul Ball, location: 9LDF
2-2: Foul Ball, location: 2F
2-2: Fly out, F5 (Popup, 5DF, EV 77.5 MPH)
Batting: RHB Dani Montoya 0-0: Ball
Víctor Rodríguez is caught stealing 2nd base 2-4
1-0: Foul Ball, location: 9LSF
1-1: Ground out 5-3 (Groundball, 56S, EV 68.1 MPH)
Top of the 4th over - 0 runs, 1 hit, 0 errors, 0 left on base; Wisconsin 1 - Lake County 0
BOTTOM OF THE 4TH
Lake County Captains batting - Pitching for Wisconsin Timber Rattlers : LHP David Flores
Batting: RHB Doug Black 0-0: Ground out 6-3 (Groundball, 6, EV 77.5 MPH)
Batting: LHB Ignacio Hernández 0-0: Ball
1-0: Called Strike
1-1: Ball
2-1: Ball
3-1: Foul Ball, location: 23FF
3-2: Foul Ball, location: 3FF
3-2: Strikes out swinging
Batting: RHB Dan White 0-0: Ball
1-0: Foul Ball, location: 3SF
1-1: Called Strike
1-2: Ball
2-2: Ball
3-2: Foul Ball, location: 9LSF
3-2: Foul Ball, location: 9LDF
3-2: Base on Balls
Batting: LHB Tim Elliott 0-0: Called Strike
0-1: Called Strike
0-2: Ball
1-2: Ball
2-2: Foul Ball, location: 2F
2-2: Ball
3-2: Foul Ball, location: 7LSF
3-2: Foul Ball, location: 2F
3-2: Foul Ball, location: 23F
3-2: Foul Ball, location: 5SF
3-2: Base on Balls
Dan White to second
Batting: RHB José González 0-0: Foul Ball, location: 9LSF
0-1: Foul Ball, location: 23FF
0-2: Ball
1-2: Foul Ball, location: 9LDF
1-2: Ball
2-2: Ball
3-2: Strikes out swinging
Bottom of the 4th over - 0 runs, 0 hits, 0 errors, 2 left on base; Wisconsin 1 - Lake County 0
TOP OF THE 5TH
Wisconsin Timber Rattlers batting - Pitching for Lake County Captains : RHP Ken Winter
Batting: RHB António Díaz 0-0: Called Strike
0-1: Ball
1-1: Ball
2-1: Foul Ball, location: 2F
2-2: SINGLE (Groundball, 4MD, EV 93.8 MPH)
Batting: LHB Pat Hicks 0-0: Bunt - Flyout to 23! F3
Batting: RHB Joe Chandler 0-0: Grounds into double play, 3-6-3 (Groundball, 3, EV 77.5 MPH)
Top of the 5th over - 0 runs, 1 hit, 0 errors, 0 left on base; Wisconsin 1 - Lake County 0
BOTTOM OF THE 5TH
Lake County Captains batting - Pitching for Wisconsin Timber Rattlers : LHP David Flores
Batting: RHB Eric Sanford 0-0: Fly out, F8 (Flyball, 8LS, EV 85.0 MPH)
Batting: RHB Lou Armstrong 0-0: Fly out, F3 (Popup, 3F, EV 70.6 MPH)
Batting: SHB Jerry Garcia 0-0: Called Strike
0-1: Ball
1-1: Ground out 5-3 (Groundball, 56S, EV 106.9 MPH)
Bottom of the 5th over - 0 runs, 0 hits, 0 errors, 0 left on base; Wisconsin 1 - Lake County 0
TOP OF THE 6TH
Wisconsin Timber Rattlers batting - Pitching for Lake County Captains : RHP Ken Winter
Batting: RHB Albert Palácios 0-0: Called Strike
0-1: Foul Ball, location: 2F
0-2: Ground out 6-3 (Groundball, 6M, EV 90.6 MPH)
Batting: RHB Steve Ervin 0-0: SINGLE (Groundball, 6MD, EV 103.8 MPH)
Batting: RHB Dave Smith 0-0: Ball
1-0: Fly out, F9 (Flyball, 89S, EV 97.5 MPH)
Batting: RHB Víctor Rodríguez 0-0: Foul Ball, location: 5SF
0-1: Ball
1-1: DOUBLE (Line Drive, 89D, EV 111.3 MPH)
Steve Ervin to third
Runner from 3rd tries for Home, SAFE, throw by CF to home
Batting: RHB Jedd Clayton 0-0: Called Strike
0-1: Ball
1-1: Called Strike
1-2: Ball
2-2: Foul Ball, location: 23F
2-2: Ball
3-2: Foul Ball, location: 23FF
3-2: Fly out, F8 (Flyball, 78M, EV 96.9 MPH)
Top of the 6th over - 1 run, 2 hits, 0 errors, 1 left on base; Wisconsin 2 - Lake County 0
BOTTOM OF THE 6TH
Lake County Captains batting - Pitching for Wisconsin Timber Rattlers : LHP David Flores
Batting: RHB Randy Burke 0-0: Ball
1-0: Bunt for hit to 5S - play at first, batter OUT! 5-3
Batting: RHB Doug Black 0-0: Foul Ball, location: 3FF
0-1: Ball
1-1: Ball
2-1: Ball
3-1: Foul Ball, location: 3FF
3-2: Foul Ball, location: 2F
3-2: Fly out, F7 (Flyball, 7, EV 85.6 MPH)
Batting: LHB Ignacio Hernández 0-0: Foul Ball, location: 2F
0-1: Ball
1-1: SINGLE (Groundball, 34D, EV 98.1 MPH)
Batting: RHB Dan White 0-0: SINGLE (Groundball, 3S, EV 69.4 MPH) (infield hit)
Ignacio Hernández to second
Batting: LHB Tim Elliott 0-0: Ball
1-0: Ball
2-0: Foul Ball, location: 7LDF
2-1: Ball
3-1: Foul Ball, location: 5SF
3-2: Strikes out swinging
Bottom of the 6th over - 0 runs, 2 hits, 0 errors, 2 left on base; Wisconsin 2 - Lake County 0
TOP OF THE 7TH
Wisconsin Timber Rattlers batting - Pitching for Lake County Captains : RHP Ken Winter
Pitching: LHP Joe Joseph
Batting: RHB Dani Montoya 0-0: Ball
1-0: Called Strike
1-1: Called Strike
1-2: Foul Ball, location: 5F
1-2: Ball
2-2: Ball
3-2: Strikes out swinging
Batting: RHB António Díaz 0-0: Ball
1-0: Called Strike
1-1: Ball
2-1: Ball
3-1: Called Strike
3-2: Foul Ball, location: 2F
3-2: Strikes out swinging
Batting: LHB Pat Hicks 0-0: Ball
1-0: Ball
2-0: Ground out 1-3 (Groundball, 15, EV 68.8 MPH)
Top of the 7th over - 0 runs, 0 hits, 0 errors, 0 left on base; Wisconsin 2 - Lake County 0
BOTTOM OF THE 7TH
Lake County Captains batting - Pitching for Wisconsin Timber Rattlers : LHP David Flores
Pitching: LHP Jeff Matthews
Batting: RHB José González 0-0: Ball
1-0: Called Strike
1-1: Ground out 5-3 (Groundball, 56S, EV 65.6 MPH)
Batting: RHB Eric Sanford 0-0: Swinging Strike
0-1: Called Strike
0-2: Ball
1-2: Strikes out swinging
Batting: RHB Lou Armstrong 0-0: Fly out, F8 (Line Drive, 89M, EV 101.3 MPH)
Bottom of the 7th over - 0 runs, 0 hits, 0 errors, 0 left on base; Wisconsin 2 - Lake County 0
TOP OF THE 8TH
Wisconsin Timber Rattlers batting - Pitching for Lake County Captains : LHP Joe Joseph
Batting: RHB Joe Chandler 0-0: Ground out 4-3 (Groundball, 4, EV 95.0 MPH)
Batting: RHB Albert Palácios 0-0: Foul Ball, location: 7LDF
0-1: Ball
1-1: Foul Ball, location: 5FF
1-2: Foul Ball, location: 3FF
1-2: DOUBLE (Groundball, 3L, EV 110.6 MPH)
Batting: RHB Steve Ervin 0-0: Intentional Walk
Batting: RHB Dave Smith 0-0: Called Strike
0-1: Grounds into double play, U5-3 (Groundball, 5L, EV 105.0 MPH)
Top of the 8th over - 0 runs, 1 hit, 0 errors, 1 left on base; Wisconsin 2 - Lake County 0
BOTTOM OF THE 8TH
Lake County Captains batting - Pitching for Wisconsin Timber Rattlers : LHP Jeff Matthews
Batting: SHB Jerry Garcia 0-0: Swinging Strike
0-1: Ball
1-1: Swinging Strike
1-2: Ball
2-2: Strikes out swinging
Batting: RHB Randy Burke 0-0: Ball
1-0: Swinging Strike
1-1: Swinging Strike
1-2: Ball
2-2: Foul Ball, location: 9LMFF
2-2: Ball
3-2: Foul Ball, location: 9LDF
3-2: Strikes out swinging
Batting: RHB Doug Black 0-0: Ball
1-0: Called Strike
1-1: Fly out, F8 (Flyball, 8RS, EV 86.9 MPH)
Bottom of the 8th over - 0 runs, 0 hits, 0 errors, 0 left on base; Wisconsin 2 - Lake County 0
TOP OF THE 9TH
Wisconsin Timber Rattlers batting - Pitching for Lake County Captains : LHP Joe Joseph
Batting: RHB Víctor Rodríguez 0-0: Ball
1-0: Ball
2-0: Ball
3-0: Called Strike
3-1: SINGLE (Groundball, 3S, EV 66.3 MPH) (infield hit)
Batting: RHB Jedd Clayton 0-0: Ball
Víctor Rodríguez steals 2nd base
1-0: Called Strike
1-1: Swinging Strike
1-2: Foul Ball, location: 2RF
1-2: Ground out 4-3 (Groundball, 4, EV 87.5 MPH)
Víctor Rodríguez to third
Batting: RHB Dani Montoya 0-0: Intentional Walk
Pitching: RHP Dave Rentería
Batting: RHB António Díaz 0-0: Ball
1-0: Ball
2-0: Foul Ball, location: 3FF
2-1: Ball
3-1: Base on Balls
Dani Montoya to second
Batting: LHB Pat Hicks 0-0: Ball
1-0: Grounds into fielders choice 4-2 (Groundball, 4, EV 71.3 MPH)
Dani Montoya to third
António Díaz to second
Batting: RHB Joe Chandler 0-0: Reached on error, E6 (Groundball, 6, EV 86.3 MPH)
Dani Montoya scores
António Díaz to third
Pat Hicks to second
Batting: RHB Albert Palácios 0-0: Ball
1-0: Ball
2-0: Ball
3-0: Base on Balls
António Díaz scores
Pat Hicks to third
Joe Chandler to second
Batting: RHB Steve Ervin 0-0: Swinging Strike
0-1: Foul Ball, location: 2F
0-2: Ball
1-2: Strikes out swinging
Top of the 9th over - 2 runs, 1 hit, 1 error, 3 left on base; Wisconsin 4 - Lake County 0
BOTTOM OF THE 9TH
Lake County Captains batting - Pitching for Wisconsin Timber Rattlers : LHP Jeff Matthews
Pinch Hitting: RHB António Trujillo 0-0: Ball
1-0: Called Strike
1-1: Called Strike
1-2: Foul Ball, location: 3F
1-2: Strikes out swinging
Batting: RHB Dan White 0-0: Ball
1-0: Ball
2-0: Foul Ball, location: 9LDF
2-1: Ball
3-1: Foul Ball, location: 7LMF
3-2: Strikes out swinging
Pinch Hitting: RHB Erik Murphy 0-0: Called Strike
0-1: Ground out 6-3 (Groundball, 6, EV 90.6 MPH)
Bottom of the 9th over - 0 runs, 0 hits, 0 errors, 0 left on base; Wisconsin 4 - Lake County 0
Monday, April 1st , 2024 - OOTP Baseball 24.10 Build 82